 Dungeon Crawl Stone Soup version 0.29-a0-275-g389c0b56f3 (webtiles) character file.

Game seed: 11078520205075117661

2394 Crownlay the Thaumaturge (level 9, -12/45 HPs)
             Began as a Gargoyle Earth Elementalist on Mar 12, 2022.
             Mangled by a two-headed ogre
             ... wielding a +0 giant spiked club
              (14 damage)
             ... on level 7 of the Dungeon.
             The game lasted 00:18:03 (9690 turns).

Crownlay the Thaumaturge (GrEE)                     Turns: 9690, Time: 00:18:04

Health: -12/45     AC: 15    Str: 17    XL:     9   Next: 46%
Magic:  19/22      EV: 11    Int: 21    God:
Gold:   212        SH:  0    Dex: 10    Spells: 20/26 levels left

rFire   . . .      SeeInvis .   H - +1 war axe (venom)
rCold   . . .      Faith    .   (no shield)
rNeg    + . .      Spirit   .   B - +2 robe {Will+}
rPois   ∞          Reflect  .   C - +0 helmet
rElec   +          Harm     .   (no cloak)
rCorr   .          Rampage  .   l - +2 pair of gloves
Will    +....                   j - +0 pair of boots
Stlth   ++........              (no amulet)
HPRegen 0.15/turn               g - +6 ring of strength
MPRegen 0.18/turn               (no ring)

@: no status effects
A: sickness immunity, AC +6, negative energy resistance 1, electricity
resistance, torment resistance 1, petrification resistance
a: no special abilities


You were on level 7 of the Dungeon.
You visited 2 branches of the dungeon, and saw 8 of its levels.

You collected 395 gold pieces.
You spent 183 gold pieces at shops.

Inventory:

Hand Weapons
 H - a +1 war axe of venom (weapon)
Missiles
 k - 18 stones
Armour
 j - a +0 pair of boots (worn)
 l - a +2 pair of gloves (worn)
 x - a +0 buckler
 B - a +2 robe of willpower (worn)
 C - a +0 helmet (worn)
Jewellery
 g - a +6 ring of strength (left hand)
Wands
 b - a wand of polymorph (11)
 A - a wand of mindburst (8)
Scrolls
 a - a scroll of enchant weapon {unknown}
 d - a scroll of silence {unknown}
 i - a scroll of holy word {unknown}
 m - 2 scrolls of blinking
 n - a scroll of fear {unknown}
 p - 2 scrolls of magic mapping
 q - a scroll of vulnerability {unknown}
 r - a scroll of summoning {unknown}
 s - 4 scrolls of teleportation
 t - a scroll of acquirement {unknown}
 w - a scroll of immolation {unknown}
 y - 3 scrolls of amnesia
 F - 2 scrolls of enchant armour {unknown}
 G - a scroll of noise {unknown}
Potions
 c - a potion of magic
 e - 2 potions of curing {unknown}
 f - a potion of might {unknown}
 h - a potion of attraction {unknown}
 o - 2 potions of lignification {unknown}
 u - a potion of mutation {unknown}
 v - a potion of berserk rage {unknown}
 z - a potion of degeneration {unknown}
 D - 3 potions of heal wounds {unknown}
 E - a potion of flight {unknown}


   Skills:
 - Level 1.5 Dodging
 - Level 2.1 Stealth
 * Level 9.3 Spellcasting
 + Level 3.0 Conjurations
 - Level 0.7 Transmutations
 + Level 9.0 Earth Magic


You had 20 spell levels left.
You knew the following spells:

 Your Spells              Type           Power      Damage    Failure   Level
a - Sandblast             Erth           94%        2d19      1%          1
b - Passwall              Tmut/Erth      25%        N/A       1%          2
c - Stone Arrow           Conj/Erth      70%        3d11      1%          3

Your spell library contained the following spells:

 Spells                   Type           Power      Damage    Failure   Level
 Animate Skeleton         Necr           18%        N/A       7%          1
 Pain                     Necr           36%        1d5       7%          1
 Petrify                  Tmut/Erth      30%        N/A       10%         4
 Conjure Flame            Conj/Fire      16%        6-21      11%         3
 Dazzling Flash           Conj/Hex       32%        N/A       11%         3
 Ignite Poison            Fire/Tmut/Pois 10%        N/A       19%         3
 Vampiric Draining        Necr           9%         2d6       21%         3
 Sticky Flame             Conj/Fire      16%        2d4       36%         4
 Silence                  Hex/Air        4%         N/A       88%         5
 Enfeeble                 Hex            4%         N/A       100%        7


Dungeon Overview and Level Annotations

Branches:
Dungeon (7/15)             Temple (1/1) D:4

Altars:
Ashenzari
Cheibriados
Dithmenos
Elyvilon
Fedhas
Gozag
Kikubaaqudgha
Makhleb
Nemelex Xobeh
Okawaru
Qazlal
Ru
Trog
Uskayaw
Wu Jian
Xom
Yredelemnul
Zin
The Shining One

Shops:
D:2 *   D:3 *


Innate Abilities, Weirdness & Mutations

You are immune to sickness and miasma.
Your stone body is resilient. (AC +6)
You are immune to poison.
You resist negative energy. (rN+)
You are resistant to electric shocks. (rElec)
You are resistant to unholy torment.
You are immune to petrification.


Message History

An ufetubus comes into view.
An ufetubus is nearby!
An iguana comes into view.
The blast of sand hits the iguana.
The iguana is moderately wounded.
The iguana hisses angrily.
The ufetubus shouts!
Something shouts, "Out, out, thou simpering flap-mouthed pigeon-egg!"
You hear two shouts!
A two-headed ogre comes into view.
It is wielding a +0 giant spiked club and a +0 giant club.
The blast of sand hits the iguana!
The iguana is severely wounded.
The ufetubus closely misses you. The ufetubus completely misses you.
The blast of sand hits the iguana!
You kill the iguana!
The ufetubus hits you. The ufetubus barely misses you.
The two-headed ogre completely misses you.
The two-headed ogre hits you with a +0 giant club!
Your Conjurations skill increases to level 3!
The ufetubus attacks as you move away!
The ufetubus hits you but does no damage. x2
The ufetubus completely misses you.
The ufetubus hits you but does no damage.
The ufetubus attacks as you move away! The ufetubus hits you.
The ufetubus closely misses you.
The ufetubus hits you but does no damage.
The ufetubus closely misses you.
The blast of sand hits the ufetubus!
You kill the ufetubus!
A necrophage comes into view.
The blast of sand hits the two-headed ogre!
The two-headed ogre is lightly wounded.
The two-headed ogre hits you with a +0 giant spiked club!
* * * LOW HITPOINT WARNING * * *
The two-headed ogre hits you with a +0 giant club!
* * * LOW HITPOINT WARNING * * *
A white imp comes into view.
Okay, then.
The two-headed ogre attacks as you move away!
The two-headed ogre hits you with a +0 giant spiked club!
You die...

♣♣♣# #♣♣♣ #.### ...#...
#..## ♣5.†♣ ##.## ♣.♣##
#..# ♣♣♣...♣♣ ♣♣ ##.#
♣.♣♣♣♣.♣♣.♣ ####.#
♣...♣♣n.♣ #..... ♣..♣♣O♣♣
#.###. ♣...@♣♣ #.....
####♣.♣#### #.#.##
♣♣♣.........♣ #.#...
#♣..♣♣♣♣.♣♣♣♣..♣ #.#.##
#.♣♣♣...≈...♣ #.....
#♣..♣♣♣♣)♣♣♣♣..♣ #.[...
♣♣♣....†....♣ #######.....
######.########.......####
...........).....####### #


You could see a two-headed ogre and a necrophage.

Vanquished Creatures
  A yak (D:7)
  Sigmund (D:6)
  A steam dragon (D:7)
  Menkaure (D:5)
  A water moccasin (D:7)
  A sky beast (D:6)
  2 ogres (D:6)
  2 ice beasts
  The ghost of starts1789 the Slasher, an amateur MfGl (D:3)
  2 kobold brigands
  2 scorpions
  A bullfrog (D:6)
  3 howler monkeys
  3 hounds
  An orc priest (D:2)
  A jelly (D:7)
  6 iguanas
  4 orc wizards
  Robin (D:4)
  15 adders
  3 gnolls (D:3)
  A shadow imp (D:6)
  A white imp (D:3)
  3 ufetubi
  3 dart slugs
  29 orcs
  7 endoplasms
  3 giant cockroaches
  21 goblins
  17 hobgoblins
  6 jackals
  4 quokkas
  10 ball pythons
  5 bats
  4 frilled lizards
  16 kobolds
  3 rats
186 creatures vanquished.

Vanquished Creatures (others)
  A fungus (D:6)
  9 plants
10 creatures vanquished.

Grand Total: 196 creatures vanquished

Notes
Turn   | Place    | Note
-------+----------+-------------------------------------------
     0 | D:1      | Crownlay the Gargoyle Earth Elementalist began the quest
                  | for the Orb.
     0 | D:1      | Reached XP level 1. HP: 10/10 MP: 3/3
   254 | D:1      | Found a faded altar of an unknown god.
   271 | D:1      | Reached XP level 2. HP: 9/15 MP: 3/5
  1192 | D:1      | Reached XP level 3. HP: 19/19 MP: 7/7
  1565 | D:2      | Learned a level 2 spell: Passwall
  1569 | D:2      | Learned a level 3 spell: Stone Arrow
  1882 | D:2      | Reached XP level 4. HP: 13/24 MP: 2/9
  2236 | D:2      | Found Fusoc's Assorted Antiques.
  2248 | D:2      | Bought a scroll labelled ZATTYE BUQICK for 25 gold pieces
  2248 | D:2      | Bought a scroll labelled OTREESHAYTU for 25 gold pieces
  2248 | D:2      | Bought a scroll labelled COTANE MIMNO for 25 gold pieces
  2620 | D:2      | Reached XP level 5. HP: 28/28 MP: 9/11
  2859 | D:3      | Reached skill level 5 in Earth Magic
  3269 | D:3      | Found a runed translucent gate.
  3430 | D:3      | Found a runed translucent gate.
  3431 | D:3      | Found a runed translucent gate.
  3432 | D:3      | Noticed starts1789's ghost (amateur MfGl)
  3434 | D:3      | Noticed a kobold brigand
  3839 | D:3      | Reached XP level 6. HP: 31/32 MP: 13/13
  4303 | D:3      | Found a glowing golden altar of the Shining One.
  4411 | D:3      | Found Covog's Assorted Antiques.
  4484 | D:3      | Bought 3 scrolls labelled KATENNUAWO for 81 gold pieces
  4569 | D:3      | Reached skill level 5 in Spellcasting
  4572 | D:3      | Killed starts1789's ghost
  4753 | D:4      | Reached XP level 7. HP: 36/36 MP: 8/15
  5295 | D:4      | Noticed Robin
  5310 | D:4      | Killed Robin
  5579 | D:4      | Found a staircase to the Ecumenical Temple.
  5658 | Temple   | Entered the Ecumenical Temple
  6265 | D:3      | Bought a scroll labelled SAENULERPH for 27 gold pieces
  6337 | D:5      | Entered Level 5 of the Dungeon
  6757 | D:5      | Noticed Menkaure
  6767 | D:5      | Killed Menkaure
  6768 | D:5      | Reached XP level 8. HP: 16/41 MP: 0/18
  7205 | D:5      | Noticed a +0 dagger
  7205 | D:5      | Noticed a +0 hand axe
  7206 | D:5      | Found a hide-covered altar of Uskayaw.
  7369 | D:5      | Found an iron altar of Okawaru.
  7908 | D:6      | Noticed Sigmund
  8041 | D:6      | Killed Sigmund
  8126 | D:6      | Found a sparkling altar of Nemelex Xobeh.
  8278 | D:6      | Got the Handbook of Excruciating Malediction
  8309 | D:6      | Found a stormy altar of Qazlal.
  8315 | D:6      | Found a blossoming altar of Fedhas.
  8969 | D:6      | Reached skill level 1 in Conjurations
  8969 | D:6      | Reached XP level 9. HP: 45/45 MP: 14/21
  9181 | D:6      | Found an opulent altar of Gozag.
  9182 | D:6      | Found an ornate altar of the Wu Jian Council.
  9182 | D:6      | Found a broken altar of Ashenzari.
  9679 | D:7      | Noticed a two-headed ogre
  9686 | D:7      | HP: 2/45 [two-headed ogre/+0 giant spiked club (10)]
  9690 | D:7      | Mangled by a two-headed ogre

Illustrated notes

Levels and vault maps discovered:
D:1:      dpeg_arrival_pits, layout_basic,
          hellmonk_ecumenical_altar_arch_garden, minmay_splitting_lines,
          minmay_hexomino_f4
D:2:      layout_loops_corners, serial_shops, nicolae_shop_trees
D:3:      layout_loops_corners, nicolae_tso_carved_into_rock,
          gammafunk_ghost_nasty_kobolds, serial_shops,
          nicolae_shop_window_shopping, grunt_ministairs_1
D:4:      minmay_chambers_of_twos, layout_rooms, temple_doors_cd,
          chequers_big_river, kennysheep_generic_room_15, uniq_robin
D:5:      layout_loops_corners, mainiacjoe_overflow_alcove_2,
          dancing_weapons_uskayaw, sigmund_army, uniq_menkaure
D:6:      layout_loops_corners, chequers_temple_overflow_statue_of_worship,
          grunt_temple_overflow_forces_of_nature, uniq_sigmund
D:7:      nzn_winding_woodlands_three_and_one [nzn_winding_woodlands_5x15_eye,
          nzn_winding_woodlands_5x15_crooked, nzn_winding_woodlands_5x15_twine,
          nzn_winding_woodlands_center_diamonds], layout_basic,
          nicolae_hepliaklqana_monster_ancestors, lemuel_another_geyser
Temple:   cyrus_temple_forest

Skill      XL: |  1  2  3  4  5  6  7  8  9 |
---------------+----------------------------+-----
Earth Magic    | 4 5 6 7 8 9 |  9.0
Spellcasting   | 3 4 5 6 8 9 |  9.3
Conjurations   | 1 3 |  3.0
Dodging        | |  1.5
Stealth        | |  2.1
Transmutations | |  0.7

Action                   |  1- 3 |  4- 6 |  7- 9 || total
-------------------------+-------+-------+-------++-------
Melee: Unarmed           |     2 |       |       ||     2
       Short sword       |    64 |   134 |    15 ||   213
       Punch             |     1 |       |     2 ||     3
       Club              |     1 |       |       ||     1
       War axe           |       |       |     1 ||     1
 Cast: Sandblast         |    33 |    50 |    80 ||   163
       Stone Arrow       |       |     2 |    64 ||    66
Evoke: Wand              |       |       |     1 ||     1
  Use: Scroll            |       |       |     4 ||     4
 Stab: Sleeping          |     1 |     4 |       ||     5
Armor: Robe              |    36 |    52 |    38 ||   126
Dodge: Dodged            |    51 |    95 |    75 ||   221

Table legend: (Time is in decaauts)
 A = Elapsed time spent in this place.
 B = Non-inter-level travel time spent in this place.
 C = Inter-level travel time spent in this place.
 D = Time resting spent in this place.
 E = Time spent auto-exploring this place.
 F = Levels seen in this place.
 G = Mean time per level.
                   A        B        C        D        E       F      G
               +--------+--------+--------+--------+--------+-----+--------+
         Total |   9726 |   9358 |    368 |      0 |   8114 |   8 | 1215.8 |
       Dungeon |   9641 |   9313 |    328 |      0 |   8076 |   7 | 1377.3 |
        Temple |     84 |     44 |     40 |      0 |     38 |   1 |   84.0 |
               +--------+--------+--------+--------+--------+-----+--------+

Top non-repeatable levels by time:
     D:3: 1927 daAuts
     D:1: 1561 daAuts
     D:4: 1530 daAuts
     D:6: 1527 daAuts
     D:5: 1439 daAuts
     D:2: 1267 daAuts
     D:7: 387 daAuts
  Temple: 84 daAuts
